SA
SMOKY MOUNTAIN HOBEAUS @ HUNTINGTON HERMIT CRABS
09/06/2046
 
TOP OF THE 1ST
Smoky Mountain Hobeaus batting - Pitching for Huntington Hermit Crabs : LHP Brad Hehir
Pitching: LHP Brad Hehir
Batting: RHB Frédéric Ramos 0-0: Ball
1-0: Called Strike
1-1: Called Strike
1-2: Foul Ball, location: 2F
1-2: Foul Ball, location: 2F
1-2: Strikes out swinging
Batting: RHB Senzo Matsuura 0-0: Ball
1-0: Fly out, F8 (Line Drive, 8RD, EV 86.2 MPH)
Batting: LHB Ben Lindsay 0-0: Called Strike
0-1: Ball
1-1: Called Strike
1-2: Strikes out looking
Top of the 1st over - 0 runs, 0 hits, 0 errors, 0 left on base; Smoky Mountain 0 - Huntington 0
BOTTOM OF THE 1ST
Huntington Hermit Crabs batting - Pitching for Smoky Mountain Hobeaus : RHP Luis Barrios
Pitching: RHP Luis Barrios
Batting: RHB Jay Harris 0-0: Called Strike
0-1: Ground out 4-3 (Groundball, 4M, EV 90.0 MPH)
Batting: RHB Shaun Kingsley 0-0: Ball
1-0: Ball
2-0: Foul Ball, location: 2F
2-1: SINGLE (Groundball, 56D, EV 99.4 MPH)
Batting: LHB Stone Wright 0-0: Called Strike
0-1: Ball
1-1: Foul Ball, location: 2F
1-2: Foul Ball, location: 2F
1-2: Ball
Shaun Kingsley steals 2nd base
2-2: Fly out, F3 (Flyball, 3D, EV 90.6 MPH)
Batting: RHB Bob Hargrove 0-0: Ball
1-0: Called Strike
1-1: DOUBLE (Flyball, 8RXD, EV 93.8 MPH)
Shaun Kingsley scores
Batting: RHB Alanzo Gaufi 0-0: Fly out, F7 (Line Drive, 7, EV 95.0 MPH)
Bottom of the 1st over - 1 run, 2 hits, 0 errors, 1 left on base; Smoky Mountain 0 - Huntington 1
TOP OF THE 2ND
Smoky Mountain Hobeaus batting - Pitching for Huntington Hermit Crabs : LHP Brad Hehir
Batting: RHB Pete Dunn 0-0: Ball
1-0: Called Strike
1-1: Ground out 6-3 (Groundball, P, EV 86.2 MPH)
Batting: RHB Josh Thompson 0-0: Swinging Strike
0-1: Ball
1-1: Swinging Strike
1-2: Strikes out swinging
Batting: SHB Reynaldo Juárez 0-0: Ball
1-0: Foul Ball, location: 2F
1-1: Ball
2-1: Swinging Strike
2-2: Ground out 4-3 (Groundball, 4, EV 80.6 MPH)
Top of the 2nd over - 0 runs, 0 hits, 0 errors, 0 left on base; Smoky Mountain 0 - Huntington 1
BOTTOM OF THE 2ND
Huntington Hermit Crabs batting - Pitching for Smoky Mountain Hobeaus : RHP Luis Barrios
Batting: RHB Freek Derksen 0-0: Ball
1-0: Fly out, F7 (Line Drive, 7, EV 93.1 MPH)
Batting: RHB Craig Paynter 0-0: Called Strike
0-1: Fly out, F8 (Flyball, 89M, EV 83.1 MPH)
Batting: RHB Pat Rush 0-0: Swinging Strike
0-1: Ball
1-1: SINGLE (Line Drive, 56D, EV 93.8 MPH)
Batting: SHB Chae-pong Yi 0-0: Ball
Pat Rush is caught stealing 2nd base 2-6
Bottom of the 2nd over - 0 runs, 1 hit, 0 errors, 0 left on base; Smoky Mountain 0 - Huntington 1
TOP OF THE 3RD
Smoky Mountain Hobeaus batting - Pitching for Huntington Hermit Crabs : LHP Brad Hehir
Batting: LHB Gianni Fei 0-0: Foul Ball, location: 2F
0-1: DOUBLE (Line Drive, 89M, EV 108.8 MPH)
Batting: RHB Jati Simbolon 0-0: Called Strike
0-1: Foul Ball, location: 2F
0-2: Ball
1-2: Strikes out swinging
Batting: RHB Matt Murphy 0-0: Called Strike
0-1: Foul Ball, location: 2F
0-2: Fly out, F7 (Flyball, 78D, EV 109.4 MPH)
Batting: RHB Frédéric Ramos 0-0: Ball
1-0: Foul Ball, location: 2F
1-1: DOUBLE (Line Drive, 8LD, EV 102.5 MPH)
Gianni Fei scores
Batting: RHB Senzo Matsuura 0-0: Called Strike
0-1: Ball
1-1: Ball
2-1: Swinging Strike
2-2: Ball
3-2: Foul Ball, location: 2F
3-2: Strikes out swinging
Top of the 3rd over - 1 run, 2 hits, 0 errors, 1 left on base; Smoky Mountain 1 - Huntington 1
BOTTOM OF THE 3RD
Huntington Hermit Crabs batting - Pitching for Smoky Mountain Hobeaus : RHP Luis Barrios
Batting: SHB Chae-pong Yi 0-0: Called Strike
0-1: Foul Ball, location: 2F
0-2: Strikes out swinging
Batting: RHB Jay Harris 0-0: Ball
1-0: Fly out, F8 (Flyball, 78D, EV 101.2 MPH)
Batting: RHB Shaun Kingsley 0-0: Called Strike
0-1: Ball
1-1: Called Strike
1-2: Foul Ball, location: 2F
1-2: Strikes out swinging
Bottom of the 3rd over - 0 runs, 0 hits, 0 errors, 0 left on base; Smoky Mountain 1 - Huntington 1
TOP OF THE 4TH
Smoky Mountain Hobeaus batting - Pitching for Huntington Hermit Crabs : LHP Brad Hehir
Batting: LHB Ben Lindsay 0-0: Foul Ball, location: 2F
0-1: SINGLE (Line Drive, 6MD, EV 96.2 MPH)
Batting: RHB Pete Dunn 0-0: Called Strike
0-1: Foul Ball, location: 2F
0-2: Ball
1-2: Ball
2-2: Foul Ball, location: 2F
2-2: Ball
3-2: Strikes out looking
Batting: RHB Josh Thompson 0-0: Ball
Ben Lindsay is caught stealing 2nd base 2-4
1-0: Foul Ball, location: 2F
1-1: Foul Ball, location: 2F
1-2: Ball
2-2: Fly out, F9 (Flyball, 9S, EV 90.0 MPH)
Top of the 4th over - 0 runs, 1 hit, 0 errors, 0 left on base; Smoky Mountain 1 - Huntington 1
BOTTOM OF THE 4TH
Huntington Hermit Crabs batting - Pitching for Smoky Mountain Hobeaus : RHP Luis Barrios
Batting: LHB Stone Wright 0-0: Foul Ball, location: 2F
0-1: Ball
1-1: Fly out, F3 (Flyball, 3D, EV 89.4 MPH)
Batting: RHB Bob Hargrove 0-0: Ball
1-0: Ball
2-0: Called Strike
2-1: Swinging Strike
2-2: Foul Ball, location: 2F
2-2: Reached on error, E3 (Groundball, 34S, EV 86.9 MPH)
Batting: RHB Alanzo Gaufi 0-0: Fly out, F7 (Flyball, 7LM, EV 89.4 MPH)
Batting: RHB Freek Derksen 0-0: Called Strike
0-1: Swinging Strike
0-2: Ball
1-2: Strikes out swinging
Bottom of the 4th over - 0 runs, 0 hits, 1 error, 1 left on base; Smoky Mountain 1 - Huntington 1
TOP OF THE 5TH
Smoky Mountain Hobeaus batting - Pitching for Huntington Hermit Crabs : LHP Brad Hehir
Batting: SHB Reynaldo Juárez 0-0: Called Strike
0-1: Ball
1-1: Foul Ball, location: 2F
1-2: Strikes out swinging, 2-3 out at first.
Batting: LHB Gianni Fei 0-0: Foul Ball, location: 2F
0-1: Ball
1-1: Fly out, F8 (Flyball, 78M, EV 86.2 MPH)
Batting: RHB Jati Simbolon 0-0: Foul Ball, location: 2F
0-1: Ball
1-1: Foul Ball, location: 2F
1-2: Ball
2-2: Ball
3-2: Ground out 1-3 (Groundball, 15, EV 63.8 MPH)
Top of the 5th over - 0 runs, 0 hits, 0 errors, 0 left on base; Smoky Mountain 1 - Huntington 1
BOTTOM OF THE 5TH
Huntington Hermit Crabs batting - Pitching for Smoky Mountain Hobeaus : RHP Luis Barrios
Batting: RHB Craig Paynter 0-0: Ball
1-0: Foul Ball, location: 2F
1-1: Fly out, F9 (Flyball, 9, EV 94.4 MPH)
Batting: RHB Pat Rush 0-0: Called Strike
0-1: Called Strike
0-2: Strikes out looking
Batting: SHB Chae-pong Yi 0-0: Called Strike
0-1: Ball
1-1: Ground out U3 (Groundball, 3, EV 107.5 MPH)
Bottom of the 5th over - 0 runs, 0 hits, 0 errors, 0 left on base; Smoky Mountain 1 - Huntington 1
TOP OF THE 6TH
Smoky Mountain Hobeaus batting - Pitching for Huntington Hermit Crabs : LHP Brad Hehir
Batting: RHB Matt Murphy 0-0: Ball
1-0: Foul Ball, location: 2F
1-1: Ball
2-1: Foul Ball, location: 2F
2-2: Ball
3-2: Foul Ball, location: 2F
3-2: Ground out 6-3 (Groundball, 6, EV 99.4 MPH)
Batting: RHB Frédéric Ramos 0-0: Foul Ball, location: 2F
0-1: Ball
1-1: Ground out 4-3 (Groundball, 4, EV 83.1 MPH)
Batting: RHB Senzo Matsuura 0-0: Ball
1-0: Ball
2-0: Swinging Strike
2-1: Ground out 5-3 (Groundball, 5L, EV 84.4 MPH)
Top of the 6th over - 0 runs, 0 hits, 0 errors, 0 left on base; Smoky Mountain 1 - Huntington 1
BOTTOM OF THE 6TH
Huntington Hermit Crabs batting - Pitching for Smoky Mountain Hobeaus : RHP Luis Barrios
Batting: RHB Jay Harris 0-0: Called Strike
0-1: Foul Ball, location: 2F
0-2: Ball
1-2: Fly out, F8 (Flyball, 89XD, EV 90.6 MPH)
Batting: RHB Shaun Kingsley 0-0: Ground out 4-3 (Groundball, 4MS, EV 85.0 MPH)
Batting: LHB Stone Wright 0-0: Ball
1-0: Ball
2-0: Ball
3-0: Called Strike
3-1: Foul Ball, location: 2F
3-2: Base on Balls
Batting: RHB Bob Hargrove 0-0: Swinging Strike
0-1: Ball
1-1: Fly out, F8 (Flyball, 78M, EV 86.2 MPH)
Bottom of the 6th over - 0 runs, 0 hits, 0 errors, 1 left on base; Smoky Mountain 1 - Huntington 1
TOP OF THE 7TH
Smoky Mountain Hobeaus batting - Pitching for Huntington Hermit Crabs : LHP Brad Hehir
Batting: LHB Ben Lindsay 0-0: Ball
1-0: Called Strike
1-1: Ball
2-1: Ball
3-1: Foul Ball, location: 2F
3-2: Ground out 4-3 (Groundball, 4MD, EV 80.0 MPH)
Batting: RHB Pete Dunn 0-0: Foul Ball, location: 2F
0-1: Ground out 4-3 (Groundball, 4M, EV 95.6 MPH)
Batting: RHB Josh Thompson 0-0: Ball
1-0: Ball
2-0: Ball
3-0: Called Strike
3-1: Ground out 6-3 (Groundball, 6, EV 91.9 MPH)
Top of the 7th over - 0 runs, 0 hits, 0 errors, 0 left on base; Smoky Mountain 1 - Huntington 1
BOTTOM OF THE 7TH
Huntington Hermit Crabs batting - Pitching for Smoky Mountain Hobeaus : RHP Luis Barrios
Pitching: RHP Kanne Kaspers
Batting: RHB Alanzo Gaufi 0-0: Swinging Strike
0-1: Ball
1-1: Ball
2-1: SINGLE (Line Drive, 34D, EV 94.4 MPH)
Batting: RHB Freek Derksen 0-0: Called Strike
0-1: Ball
1-1: Called Strike
1-2: Ball
2-2: Strikes out swinging
Batting: RHB Craig Paynter 0-0: Called Strike
0-1: Called Strike
0-2: Strikes out swinging
Pinch Hitting: SHB Michael Heath 0-0: Ball
1-0: Fly out, F6 (Popup, 6MS, EV 56.9 MPH)
Bottom of the 7th over - 0 runs, 1 hit, 0 errors, 1 left on base; Smoky Mountain 1 - Huntington 1
TOP OF THE 8TH
Smoky Mountain Hobeaus batting - Pitching for Huntington Hermit Crabs : LHP Brad Hehir
Now in LF: Mark Quick
Now in CF: Jay Harris
Batting: SHB Reynaldo Juárez 0-0: Ball
1-0: Called Strike
1-1: Called Strike
1-2: Ball
2-2: Foul Ball, location: 2F
2-2: Ball
3-2: Fly out, F8 (Flyball, 8RD, EV 92.5 MPH)
Batting: LHB Gianni Fei 0-0: Ball
1-0: Ball
2-0: Called Strike
2-1: Ball
3-1: Fly out, F7 (Flyball, 7S, EV 79.4 MPH)
Batting: RHB Jati Simbolon 0-0: Fly out, F9 (Flyball, 89M, EV 93.8 MPH)
Top of the 8th over - 0 runs, 0 hits, 0 errors, 0 left on base; Smoky Mountain 1 - Huntington 1
BOTTOM OF THE 8TH
Huntington Hermit Crabs batting - Pitching for Smoky Mountain Hobeaus : RHP Kanne Kaspers
Batting: SHB Chae-pong Yi 0-0: Swinging Strike
0-1: Foul Ball, location: 2F
0-2: Strikes out swinging, 2-3 out at first.
Batting: RHB Jay Harris 0-0: Called Strike
0-1: Fly out, F8 (Flyball, 8RS, EV 88.8 MPH)
Batting: RHB Shaun Kingsley 0-0: Called Strike
0-1: Swinging Strike
0-2: Fly out, F3 (Popup, 3SF, EV 77.5 MPH)
Bottom of the 8th over - 0 runs, 0 hits, 0 errors, 0 left on base; Smoky Mountain 1 - Huntington 1
TOP OF THE 9TH
Smoky Mountain Hobeaus batting - Pitching for Huntington Hermit Crabs : LHP Brad Hehir
Batting: RHB Matt Murphy 0-0: Called Strike
0-1: Ball
1-1: Foul Ball, location: 2F
1-2: Fly out, F7 (Line Drive, 7D, EV 97.5 MPH)
Pitching: RHP Juan González
Pinch Hitting: LHB Jacob Hall 0-0: Called Strike
0-1: Ball
1-1: Swinging Strike
1-2: Strikes out swinging
Batting: RHB Senzo Matsuura 0-0: Called Strike
0-1: Foul Ball, location: 2F
0-2: SINGLE (Line Drive, 9S, EV 109.4 MPH)
Batting: LHB Ben Lindsay 0-0: Called Strike
0-1: Ball
1-1: Ball
Wild Pitch!
Senzo Matsuura to second
2-1: Intentional Walk
Batting: RHB Pete Dunn 0-0: Swinging Strike
0-1: Ball
1-1: Foul Ball, location: 2F
1-2: Ball
2-2: Ball
3-2: Foul Ball, location: 2F
3-2: Foul Ball, location: 2F
3-2: Base on Balls
Senzo Matsuura to third
Ben Lindsay to second
Batting: RHB Josh Thompson 0-0: Called Strike
0-1: Ball
1-1: Foul Ball, location: 2F
1-2: Foul Ball, location: 2F
1-2: Ball
2-2: Strikes out swinging
Top of the 9th over - 0 runs, 1 hit, 0 errors, 3 left on base; Smoky Mountain 1 - Huntington 1
BOTTOM OF THE 9TH
Huntington Hermit Crabs batting - Pitching for Smoky Mountain Hobeaus : RHP Kanne Kaspers
Now at SS: Liang Bai
Batting: LHB Stone Wright 0-0: Called Strike
0-1: Ball
1-1: Foul Ball, location: 2F
1-2: Strikes out looking
Batting: RHB Bob Hargrove 0-0: Called Strike
0-1: Called Strike
0-2: Strikes out swinging
Batting: RHB Alanzo Gaufi 0-0: Called Strike
0-1: Ball
1-1: Foul Ball, location: 2F
1-2: Foul Ball, location: 2F
1-2: Ball
2-2: Strikes out swinging
Bottom of the 9th over - 0 runs, 0 hits, 0 errors, 0 left on base; Smoky Mountain 1 - Huntington 1
TOP OF THE 10TH
Smoky Mountain Hobeaus batting - Pitching for Huntington Hermit Crabs : RHP Juan González
Pitching: RHP Eisaku Ishikawa
Batting: SHB Reynaldo Juárez 0-0: Called Strike
0-1: Ball
1-1: Called Strike
1-2: Foul Ball, location: 2F
1-2: Strikes out swinging
Batting: LHB Gianni Fei 0-0: Ball
1-0: Ground out 4-3 (Groundball, 4, EV 86.9 MPH)
Batting: RHB Jati Simbolon 0-0: Ball
1-0: Called Strike
1-1: Ball
2-1: SINGLE (Line Drive, 9S, EV 104.4 MPH)
Pinch Hitting: LHB Dave Weber 0-0: Swinging Strike
0-1: Called Strike
0-2: Ball
1-2: Strikes out looking
Top of the 10th over - 0 runs, 1 hit, 0 errors, 1 left on base; Smoky Mountain 1 - Huntington 1
BOTTOM OF THE 10TH
Huntington Hermit Crabs batting - Pitching for Smoky Mountain Hobeaus : RHP Kanne Kaspers
Pitching: RHP Curt Finley
Now at C: Tsing Yo
Batting: RHB Freek Derksen 0-0: Called Strike
0-1: Called Strike
0-2: Ball
1-2: Ball
2-2: Ball
3-2: Foul Ball, location: 2F
3-2: SINGLE (Line Drive, 4D, EV 95.0 MPH)
Batting: RHB Craig Paynter Pickoff Throw to First - Out! 1-3
0-0: Swinging Strike
0-1: Swinging Strike
0-2: Ground out U3 (Groundball, 34, EV 93.1 MPH)
Batting: RHB Mark Quick 0-0: Ball
1-0: Called Strike
1-1: Foul Ball, location: 2F
1-2: Foul Ball, location: 2F
1-2: Reached on error, E5 (Groundball, 56S, EV 79.4 MPH)
Batting: SHB Chae-pong Yi 0-0: Ball
1-0: Called Strike
1-1: Ball
2-1: 2-RUN HOME RUN (Flyball, 89XD, EV 95.0 MPH), Distance : 372 ft
Bottom of the 10th over - 2 runs, 2 hits, 1 error, 0 left on base; Smoky Mountain 1 - Huntington 3
Game Over ... Huntington defeats Smoky Mountain, 3 to 1
Wednesday, July 27th , 2022 - OOTP Baseball 22.12 Build 89